 Seeded DCSS version 0.31-a0-196-g86fe4a5e66 (webtiles) character file.

Game seed: 16645731211536323734 (custom seed)

36 innerfire43 the Trooper (level 3, 0/29 HPs)
             Began as a Demonspawn Monk on June 24, 2023.
             Slain by a worm (11 damage)
             ... on level 2 of the Dungeon.
             The game lasted 00:00:42 (882 turns).

innerfire43 the Trooper (Demonspawn Monk)            Turns: 882, Time: 00:00:42

Health: 0/29       AC:  2    Str: 13    XL:     3   Next: 19%
Magic:  3/3        EV: 12    Int: 11    God:
Gold:   57         SH:  0    Dex: 15    Spells: 2/2 levels left

rFire   . . .        a - +0 hand axe
rCold   . . .        d - orb {light}
rNeg    . . .        b - +0 robe
rPois   .            (no helmet)
rElec   .            (no cloak)
rCorr   .            (no gloves)
SInv    .            (no boots)
Will    .....        (no amulet)
Stlth   +            (no ring)
HPRegen 0.24/turn    (no ring)
MPRegen 0.08/turn

%: no passive effects
@: glowing
A: weakness stinger 1
a: no special abilities


You were on level 2 of the Dungeon.
You visited 1 branch of the dungeon, and saw 2 of its levels.

You collected 57 gold pieces.

Inventory:

Hand Weapons
 a - a +0 hand axe (weapon)
Armour
 b - a +0 robe (worn)
 d - an orb of light (worn)
Scrolls
 e - a scroll of enchant weapon {unknown}
 g - a scroll of teleportation {unknown}
 i - a scroll of fog {unknown}
 k - a scroll of noise {unknown}
Potions
 c - 2 potions of ambrosia
 f - a potion of curing {unknown}
 h - a potion of lignification {unknown}
 j - a potion of cancellation {unknown}
 l - a potion of might {unknown}
 m - a potion of heal wounds {unknown}


   Skills:
 + Level 3.3 Fighting
 + Level 3.0 Axes
 * Level 1.7 Armour
 - Level 2.6 Dodging


You had 2 spell levels left.
You didn't know any spells.
Your spell library was empty.

Dungeon Overview and Level Annotations

Branches:
Dungeon (2/15)

Altars:


Innate Abilities, Weirdness & Mutations

You have a small tail.


Message History

The goblin unwields a +1 heavy sling.
The goblin wields a +0 dagger.
The goblin hits you with a +0 dagger.
* * * LOW HITPOINT WARNING * * *
You hit the rat but do no damage. You tail-slap the rat.
The rat is severely wounded.
You hit the hobgoblin.
You kill the hobgoblin!
You hit the goblin. The rat misses you. The goblin hits you with a +0 dagger.
* * * LOW HITPOINT WARNING * * *
You hit the rat.
You kill the rat!
You hit the goblin.
You kill the goblin!
Things that are here:
a +0 dagger; a +1 heavy sling
m - a sedimented red potion You open the door.
Found a stone staircase leading down.
There is an open door here.
There is a stone staircase leading down here.
A worm comes into view.
A worm is nearby!
You hit the worm.
The worm is lightly wounded.
The worm closely misses you.
You hit the worm.
The worm is moderately wounded.
The worm bites you!
You hit the worm.
The worm is heavily wounded.
You hit the worm.
The worm is heavily wounded.
The worm bites you!
You are too injured to fight recklessly!
A worm is nearby!
You are too injured to fight recklessly!
You hit the worm.
The worm is severely wounded.
The worm bites you!
You die...

.# ###.# ..#.#
#####.#.#
#.....#.# ..
...#.###### #.
#.#....... #.#
#. ##.@w# #.#
#. #..#.# #.#
#.##..#.# #.#
#.....#.#
#.#.#..##.#.#
#.#....##.#.#
##.####.##.#.#
##........#.#.#
#..######.#.#


You could see a worm.

Vanquished Creatures
  A worm (D:2)
  A dart slug (D:1)
  A ball python (D:1)
  5 endoplasms
  A giant cockroach (D:1)
  5 goblins
  A hobgoblin (D:2)
  4 jackals (D:1)
  A quokka (D:2)
  2 bats (D:2)
  A frilled lizard (D:1)
  A kobold (D:1)
  4 rats
28 creatures vanquished.

Notes
Turn   | Place    | Note
-------+----------+-------------------------------------------
     0 | D:1      | innerfire43 the Demonspawn Monk began the quest for the
                  | Orb.
     0 | D:1      | Reached XP level 1. HP: 18/18 MP: 1/1
   187 | D:1      | Reached skill level 1 in Armour
   187 | D:1      | Gained mutation: You have a small tail. [demonic ancestry]
   187 | D:1      | Reached XP level 2. HP: 22/24 MP: 2/2
   740 | D:2      | Reached XP level 3. HP: 20/29 MP: 3/3
   882 | D:2      | Slain by a worm

Illustrated notes

Levels and vault maps discovered:
D:1:      dpeg_arrival_orchard, layout_rooms
D:2:      minmay_wonky_spiral, layout_basic,
          hellmonk_ecumenical_altar_inner_sanctum, grunt_ministairs_10

Skill      XL: |  1  2 |
---------------+-------+-----
Armour         | 1 |  1.7
Axes           | 3 |  3.0
Fighting       | |  3.3
Dodging        | |  2.6

Action                     || total
---------------------------++-------
  Melee: Hand axe          ||    69
         Tailslap          ||     9
 Armour: Robe              ||     6
  Dodge: Dodged            ||    50

Table legend: (Time is in decaauts)
 A = Elapsed time spent in this place.
 B = Non-inter-level travel time spent in this place.
 C = Inter-level travel time spent in this place.
 D = Time resting spent in this place.
 E = Time spent auto-exploring this place.
 F = Levels seen in this place.
 G = Mean time per level.
                   A        B        C        D        E       F      G
               +--------+--------+--------+--------+--------+-----+--------+
         Total |    892 |    870 |     22 |      0 |    721 |   2 |  446.0 |
       Dungeon |    892 |    870 |     22 |      0 |    721 |   2 |  446.0 |
               +--------+--------+--------+--------+--------+-----+--------+

Top non-repeatable levels by time:
     D:1: 642 daAuts
     D:2: 249 daAuts
